 Dungeon Crawl Stone Soup version 0.28-a0-834-g1a73be5ee4 (webtiles) character file.

Game seed: 7516407039613026413

86 YakumoRising the Shooter (level 4, -8/38 HPs)
             Began as a Minotaur Hunter on Nov 11, 2021.
             Was a High Priest of Ignis.
             Mangled by Ijyb (15 damage)
             ... on level 4 of the Dungeon.
             The game lasted 00:18:13 (2900 turns).

YakumoRising the Shooter (Minotaur Hunter)          Turns: 2900, Time: 00:18:14

Health: -8/38      AC: 10    Str: 17    XL:     4   Next: 26%
Magic:  3/3        EV:  7    Int:  8    God:    Ignis [*****.]
Gold:   103        SH:  0    Dex: 11    Spells: 3/3 levels left

rFire   + . .      SeeInvis .   a - +1 shortbow
rCold   . . .      Faith    .   (shield currently unavailable)
rNeg    . . .      Spirit   .   j - +0 chain mail
rPois   .          Reflect  .   (helmet restricted)
rElec   .          Harm     .   (no cloak)
rCorr   .          Rampage  .   g - +1 pair of gloves
Will    .....                   (no boots)
Stlth   ..........              c - amulet of the acrobat
HPRegen 0.12/turn               (no ring)
MPRegen 0.08/turn               (no ring)

@: no status effects
A: horns 2, retaliatory headbutt
a: Renounce Religion, Sea of Fire, Foxfire Swarm, Rising Flame


You were on level 4 of the Dungeon.
You worshipped Ignis.
Ignis was extremely pleased with you.
You visited 1 branch of the dungeon, and saw 4 of its levels.

You collected 103 gold pieces.

Inventory:

Hand Weapons
 a - a +1 shortbow (weapon)
 b - a +2 dagger of venom
Missiles
 d - 24 arrows (quivered ammo)
 h - 2 silver boomerangs
 k - 78 stones
 m - 14 poisoned darts
Armour
 g - a +1 pair of gloves (worn)
 j - a +0 chain mail (worn)
Jewellery
 c - an amulet of the acrobat (around neck)
 n - a ring of fire
Potions
 e - a potion of brilliance
 f - a potion of degeneration {unknown}
 l - a potion of flight
 o - a potion of ambrosia {unknown}


   Skills:
 + Level 3.2 Fighting
 + Level 0.7 Short Blades
 * Level 5.1 Bows
 + Level 1.2 Armour
 + Level 2.8 Dodging
 + Level 1.5 Stealth


You had 3 spell levels left.
You didn't know any spells.
Your spell library contained the following spells:

 Spells                   Type           Power      Damage    Failure   Level
 Gell's Gravitas          Tloc           0%         N/A       100%        3
 Teleport Other           Tloc           0%         N/A       100%        3
 Airstrike                Air            0%         N/A       100%        4
 Summon Lightning Spire   Summ/Air       0%         N/A       100%        4
 Lightning Bolt           Conj/Air       0%         1d11      100%        5
 Dispersal                Tloc           0%         N/A       100%        6


Dungeon Overview and Level Annotations

Branches:
Dungeon (4/15)             Temple (0/1) D:4

Altars:
Gozag
Trog
Ignis

Annotations:
D:4 Ijyb


Innate Abilities, Weirdness & Mutations

You have a pair of horns on your head.
You reflexively headbutt those who attack you in melee.


Message History

There is a stone staircase leading up here.
Fire: 30 arrows
Press: ? - help, Q - select action, (/) - cycle Shift-Dir - straight line, f - Ijyb
Aim: Ijyb, wielding a +0 dagger of electrocution and wearing a +0 leather armour (51% to hit)
You shoot an arrow. The arrow misses Ijyb.
Ijyb hits you with a +0 dagger of electrocution.
Fire: 29 arrows
Press: ? - help, Q - select action, (/) - cycle Shift-Dir - straight line, f/p - Ijyb
Aim: Ijyb, wielding a +0 dagger of electrocution and wearing a +0 leather armour (53% to hit)
You shoot an arrow. The arrow barely misses Ijyb.
Ijyb hits you but does no damage.
Fire: 28 arrows
Press: ? - help, Q - select action, (/) - cycle Shift-Dir - straight line, f/p - Ijyb
Aim: Ijyb, wielding a +0 dagger of electrocution and wearing a +0 leather armour (51% to hit)
You shoot an arrow. The arrow hits Ijyb!
Ijyb is moderately wounded.
Ijyb completely misses you.
Fire: 27 arrows
Press: ? - help, Q - select action, (/) - cycle Shift-Dir - straight line, f/p - Ijyb
Aim: Ijyb, wielding a +0 dagger of electrocution and wearing a +0 leather armour (moderately wounded, 53% to hit)
You shoot an arrow. The arrow closely misses Ijyb.
Ijyb hits you but does no damage.
You are electrocuted!
Fire: 26 arrows
Press: ? - help, Q - select action, (/) - cycle Shift-Dir - straight line, f/p - Ijyb
Aim: Ijyb, wielding a +0 dagger of electrocution and wearing a +0 leather armour (moderately wounded, 53% to hit)
You shoot an arrow. The arrow closely misses Ijyb.
Ijyb hits you but does no damage.
You are electrocuted!
Fires begin to smoulder around you! Ijyb hits you but does no damage.
You are electrocuted!
* * * LOW HITPOINT WARNING * * *
Unknown command.
Fire: 25 arrows
Press: ? - help, Q - select action, (/) - cycle Shift-Dir - straight line, f/p - Ijyb
Aim: Ijyb, wielding a +0 dagger of electrocution and wearing a +0 leather armour (moderately wounded, 53% to hit)
You shoot an arrow. The arrow hits Ijyb!
Ijyb is severely wounded.
Ijyb hits you with a +0 dagger of electrocution.
* * * LOW HITPOINT WARNING * * *
You are electrocuted!
You die...

#.......##.#.....#
#§§§....##.#######
#§§........#......
#§§........#...###
#§§.g........#....
#§#+##............
#§# #......#.#...
#g# #............
#@# #.....#.8.#..
#§§##
##...#.......# ##§
...#...8.>.8.. #§
.##...#.......# ##
#......#.8.#..
#.#.####........
..........#.#...
..............##
...........#.###


You could see Ijyb.

Vanquished Creatures
  A gnoll (D:1)
  2 worms (D:3)
  3 dart slugs
  4 ball pythons
  9 bats
  4 giant cockroaches
  6 hobgoblins (D:1)
  8 jackals
  5 kobolds
  3 quokkas (D:1)
  5 frilled lizards
  4 goblins
  4 rats
58 creatures vanquished.

Vanquished Creatures (others)
  2 plants (D:1)
  8 withered plants (D:1)
10 creatures vanquished.

Grand Total: 68 creatures vanquished

Notes
Turn   | Place    | Note
-------+----------+-------------------------------------------
     0 | D:1      | YakumoRising the Minotaur Hunter began the quest for the
                  | Orb.
     0 | D:1      | Reached XP level 1. HP: 18/18 MP: 0/0
    55 | D:1      | Reached skill level 1 in Stealth
    61 | D:1      | Reached XP level 2. HP: 24/25 MP: 1/1
   177 | D:1      | Found a faded altar of an unknown god.
   407 | D:1      | Reached XP level 3. HP: 27/31 MP: 2/2
   536 | D:1      | Reached skill level 1 in Armour
   966 | D:1      | Prayed at the altar of an unknown god.
   966 | D:1      | Became a worshipper of Ignis, the Dying Flame
  1019 | D:2      | Found an opulent altar of Gozag.
  1204 | D:2      | You fall into a shaft and drop 1 floor!
  1204 | D:3      | Found a bloodstained altar of Trog.
  1380 | D:3      | Reached skill level 5 in Bows
  1390 | D:3      | Reached XP level 4. HP: 27/38 MP: 3/3
  2485 | D:4      | Found a staircase to the Ecumenical Temple.
  2524 | D:4      | Noticed Ijyb
  2524 | D:4      | Paralysed by Ijyb for 3 turns
  2532 | D:4      | Paralysed by Ijyb for 2 turns
  2900 | D:4      | Mangled by Ijyb

Illustrated notes

Levels and vault maps discovered:
D:1:      giann_forest_graveyard, layout_loops_ring,
          shapermc_ecumenical_altar_flowoftime
D:2:      layout_rooms, basic_altar, minmay_snake_closets,
          uniq_crazy_yiuf_cottage
D:3:      layout_basic, bloody_trog, chequers_serial_rivers_small_b,
          kennysheep_generic_room_4
D:4:      layout_basic, amcnicky_altar_gilded, cheibriados_altar_1,
          minmay_temple_entry_sparse_star, st_stairs_12, uniq_ijyb

Skill      XL: |  1  2  3 |
---------------+----------+-----
Stealth        | 1 |  1.5
Fighting       | 3 |  3.2
Armour         | 1 |  1.2
Bows           | 5 |  5.1
Short Blades   | |  0.7
Dodging        | |  2.8

Action                   |  1- 3 |  4- 6 || total
-------------------------+-------+-------++-------
Melee: Dagger            |    70 |    22 ||    92
       Headbutt          |    12 |     5 ||    17
 Fire: Shortbow          |    74 |     7 ||    81
Invok: Sea of Fire       |       |     1 ||     1
  Use: Scroll            |     5 |     3 ||     8
       Potion            |       |     1 ||     1
 Stab: Sleeping          |     1 |       ||     1
Armor: Leather armour    |    23 |     3 ||    26
       Chain mail        |       |     8 ||     8
Dodge: Dodged            |    25 |    22 ||    47

Table legend: (Time is in decaauts)
 A = Elapsed time spent in this place.
 B = Non-inter-level travel time spent in this place.
 C = Inter-level travel time spent in this place.
 D = Time resting spent in this place.
 E = Time spent auto-exploring this place.
 F = Levels seen in this place.
 G = Mean time per level.
                   A        B        C        D        E       F      G
               +--------+--------+--------+--------+--------+-----+--------+
         Total |   2899 |   2887 |     12 |    446 |   1631 |   4 |  724.8 |
       Dungeon |   2899 |   2887 |     12 |    446 |   1631 |   4 |  724.8 |
               +--------+--------+--------+--------+--------+-----+--------+

Top non-repeatable levels by time:
     D:3: 1462 daAuts
     D:1: 1071 daAuts
     D:4: 230 daAuts
     D:2: 134 daAuts
